 Dungeon Crawl Stone Soup version 0.30.1 (webtiles) character file.

Game seed: 15063494546181419159

701 Destapler the Trooper (level 7, 0/55 HPs)
             Began as a Demonspawn Berserker on July 8, 2023.
             Was a Priest of Trog.
             Slain by an orc
             ... wielding a +0 hand axe
              (4 damage)
             ... on level 5 of the Dungeon.
             The game lasted 00:19:12 (5343 turns).

Destapler the Trooper (Demonspawn Berserker)        Turns: 5343, Time: 00:19:12

Health: 0/55       AC:  2    Str: 18    XL:     7   Next: 38%
Magic:  7/7        EV: 13    Int: 10    God:    Trog [***...]
Gold:   123        SH:  0    Dex: 14    Spells: 6/6 levels left

rFire   . . .        a - +1 war axe (elec)
rCold   . . .        (no shield)
rNeg    . . .        k - +0 animal skin
rPois   .            (no helmet)
rElec   .            (no cloak)
rCorr   .            (no gloves)
SInv    .            (no boots)
Will    .....        (no amulet)
Stlth   ++           (no ring)
HPRegen 0.29/turn    (no ring)
MPRegen 0.10/turn

%: no passive effects
@: no status effects
A: claws 2, big brain 1
a: Renounce Religion, Berserk, Trog's Hand


You were on level 5 of the Dungeon.
You worshipped Trog.
Trog was most pleased with you.
You visited 1 branch of the dungeon, and saw 5 of its levels.
You also visited: Sewer.

You collected 384 gold pieces.
You spent 261 gold pieces at shops.

Inventory:

Hand Weapons
 a - a +1 war axe of electrocution (weapon)
 b - a +2 dagger of venom
Missiles
 f - 3 boomerangs (quivered)
 l - 41 stones
Armour
 i - a +0 scale mail
 k - a +0 animal skin (worn)
Jewellery
 j - a ring of protection from fire
Scrolls
 c - a scroll of fear {unknown}
 n - a scroll of enchant weapon {unknown}
 p - 2 scrolls of noise {unknown}
 q - 3 scrolls of identify
 r - a scroll of brand weapon {unknown}
 s - a scroll of teleportation {unknown}
 t - a scroll of fog
 u - a scroll of vulnerability {unknown}
 v - a scroll of poison {unknown}
Potions
 d - a potion of invisibility {unknown}
 e - 2 potions of heal wounds
 g - 2 potions of attraction
 h - 2 potions of mutation {unknown}
 m - 2 potions of curing
 o - a potion of ambrosia {unknown}


   Skills:
 + Level 4.6 Fighting
 * Level 3.9 Axes
 + Level 2.9 Throwing
 - Level 3.0 Armour
 - Level 3.0 Dodging
 + Level 3.8 Stealth


You had 6 spell levels left.
You didn't know any spells.
Your spell library contained the following spells:

 Spells                   Type           Power      Damage    Failure   Level
 Beastly Appendage        Tmut           0%         N/A       36%         1
 Wereblood                Tmut           0%         N/A       50%         2
 Spider Form              Tmut/Pois      0%         N/A       75%         3


Dungeon Overview and Level Annotations

Branches:
Dungeon (5/15)              Sewer (visited)
 Temple: D:4-7

Altars:
Cheibriados
Gozag
Kikubaaqudgha
Makhleb
Ru
Trog
Uskayaw

Shops:
D:2 ?*[=(


Innate Abilities, Weirdness & Mutations

You have very sharp fingernails.
You have an unusually large brain. (Int +2)


Message History

The orc hits you with a +0 hand axe.
* * * LOW HITPOINT WARNING * * *
The hound barely misses you.
You barely miss the orc.
The orc is moderately wounded.
You slash the hound! Lightning courses through the hound!!
You kill the hound!
Trog accepts your kill.
You barely miss the orc. The orc hits you with a +0 hand axe.
* * * LOW HITPOINT WARNING * * *
The orc barely misses you. The ufetubus misses you. The ufetubus hits you.
* * * LOW HITPOINT WARNING * * *
The orc closely misses you. The orc hits you with a +0 hand axe.
* * * LOW HITPOINT WARNING * * *
Training target 3.0 for Dodging reached!
Your Dodging skill increases to level 3!
You barely miss the orc.
The orc is moderately wounded.
You hit the ufetubus. You barely miss the orc. The ufetubus hits you.
* * * LOW HITPOINT WARNING * * *
The ufetubus hits you.
* * * LOW HITPOINT WARNING * * *
The orc closely misses you. The orc hits you with a +0 hand axe.
* * * LOW HITPOINT WARNING * * *
The ufetubus hits you.
* * * LOW HITPOINT WARNING * * *
The ufetubus hits you.
* * * LOW HITPOINT WARNING * * *
You hit the ufetubus but do no damage.
Lightning courses through the ufetubus!!
You kill the ufetubus!
Trog accepts your kill.
You completely miss the orc. You hit the orc but do no damage.
The orc barely misses you. The orc hits you with a +0 hand axe.
* * * LOW HITPOINT WARNING * * *
You hit the orc.
The orc is severely wounded.
You hit the orc but do no damage. The orc barely misses you.
The orc hits you with a +0 hand axe.
You die...

#..# ##<# #.####### #. #..[.#
#.##.... .#####..... #.##...
......#.#### #.##..# ##......#
##.##..# ##.......## .
##...#..#####.........# ..
#)....................# ####.#.
##...#..#.###..@o.....##.!.....
##.##.........[o....##......##
....>..###.###.........)......
#.#####...[..........##))......
#. #####.#####...)...)....## #
#.# #.#.)####o..## #.# #.#....
...# #.. ..#.### ...# #.#
####.. ...#


You could see 2 orcs.

Vanquished Creatures
  A kobold brigand (Sewer)
  2 wights (D:5)
  2 hounds
  An orc priest (D:5)
  4 iguanas
  A sleepcap (D:5)
  2 orc wizards (D:4)
  A gnoll (D:3)
  7 adders
  5 river rats (Sewer)
  2 ufetubi
  2 worms
  A dart slug (D:1)
  14 orcs
  7 endoplasms
  A giant cockroach (D:4)
  11 goblins
  4 hobgoblins
  5 jackals
  5 quokkas
  5 ball pythons
  7 bats
  7 frilled lizards
  17 kobolds
  7 rats
121 creatures vanquished.

Notes
Turn   | Place    | Note
-------+----------+-------------------------------------------
     0 | D:1      | Destapler the Demonspawn Berserker began the quest for the
                  | Orb.
     0 | D:1      | Reached XP level 1. HP: 18/18 MP: 1/1
   187 | D:1      | Gained mutation: You have an unusually large brain. (Int
                  | +2) [demonic ancestry]
   187 | D:1      | Reached XP level 2. HP: 23/24 MP: 2/2
  1234 | D:2      | Found Heskyige's Antique Armour Shoppe.
  1256 | D:2      | Noticed an eye of devastation
  1271 | D:2      | Found a faded altar of an unknown god.
  1272 | D:2      | Noticed an eye of devastation
  1273 | D:2      | Noticed a shining eye
  1274 | D:2      | Noticed a great orb of eyes
  1285 | D:2      | Reached ** piety under Trog
  1292 | D:2      | Reached XP level 3. HP: 24/29 MP: 3/3
  1534 | D:2      | Found Omiklot's General Store.
  1647 | D:2      | Found Ysmac's Jewellery Shoppe.
  1708 | D:2      | Found Dusa Nixt's Magic Scroll Emporium.
  1930 | D:2      | Found Yjer's Weapon Shoppe.
  2034 | D:3      | Reached skill level 1 in Stealth
  2094 | D:3      | Found an opulent altar of Gozag.
  2176 | D:3      | Reached skill level 1 in Throwing
  2176 | D:3      | Found a glowing drain.
  2185 | Sewer    | Entered a sewer
  2227 | Sewer    | Gained mutation: You have sharp fingernails. [demonic
                  | ancestry]
  2227 | Sewer    | Reached XP level 4. HP: 28/36 MP: 4/4
  2623 | Sewer    | Noticed a kobold brigand
  2633 | Sewer    | Killed a kobold brigand
  2634 | Sewer    | Reached skill level 4 in Fighting
  2634 | Sewer    | Gained mutation: You have very sharp fingernails. [demonic
                  | ancestry]
  2634 | Sewer    | Reached XP level 5. HP: 29/42 MP: 5/5
  3250 | D:2      | Bought a potion of curing for 42 gold pieces
  3468 | D:3      | Found a bloodstained altar of Trog.
  3669 | D:3      | Found a snail-covered altar of Cheibriados.
  3696 | D:3      | Found a hide-covered altar of Uskayaw.
  3784 | D:3      | Reached *** piety under Trog
  3812 | D:3      | Found a sacrificial altar of Ru.
  4071 | D:2      | Bought a +1 war axe of electrocution for 219 gold pieces
  4119 | D:4      | Reached XP level 6. HP: 45/48 MP: 6/6
  4625 | D:4      | Found a burning altar of Makhleb.
  4636 | D:4      | Found an ancient bone altar of Kikubaaqudgha.
  5054 | D:5      | Entered Level 5 of the Dungeon
  5257 | D:5      | HP: 3/73 [iguana (7)]
  5259 | D:5      | Reached XP level 7. HP: 3/55 MP: 7/7
  5343 | D:5      | Slain by an orc

Illustrated notes

Levels and vault maps discovered:
D:1:      ebering_hopf_link, layout_loops_ring, serial_co_window_serial,
          co_window_of_opportunity_a, co_window_paths_a, co_window_corner_a,
          co_window_corner_a, co_window_corner_a, co_window_cross_3,
          co_window_broadway_c, co_window_paths_c, co_window_cross_2,
          co_window_paths_d, glass_columns_a, glass_columns_b, glass_columns_b,
          glass_columns_c
D:2:      layout_basic, hellmonk_ecumenical_altar_watching_god, serial_shops,
          nicolae_shop_peninsula, nicolae_shop_bloodbath_and_beyond, shop, shop,
          nicolae_shop_crystal
D:3:      layout_basic, trog_antimagical, mainiacjoe_overflow_six_doors_small,
          amcnicky_altar_gilded, marbit_many_paths,
          nicolae_overflow_hidden_temple,
          nicolae_gozag_cash_rules_everything_around_me, portal_sewer_entry_d,
          kennysheep_generic_room_11
D:4:      layout_loops_ring, lemuel_round_altar, amethyst_overflow_temple_binary
D:5:      layout_loops_ring

Skill      XL: |  1  2  3  4  5  6  7 |
---------------+----------------------+-----
Armour         | 2 3 |  3.0
Dodging        | 2 3 |  3.0
Axes           | 3 |  3.9
Stealth        | 1 2 3 |  3.8
Throwing       | 1 2 |  2.9
Fighting       | 4 |  4.6

Action                     |  1- 3 |  4- 6 |  7- 9 || total
---------------------------+-------+-------+-------++-------
  Melee: Hand axe          |   110 |    36 |       ||   146
         Punch             |     2 |       |       ||     2
         Dagger            |    20 |    68 |       ||    88
         War axe           |       |    86 |    16 ||   102
  Throw: Boomerang         |       |    16 |     1 ||    17
         Dart              |       |     1 |       ||     1
 Invoke: Trog's Hand       |       |     2 |     1 ||     3
         Berserk           |       |     2 |       ||     2
    Use: Scroll            |     5 |       |       ||     5
         Potion            |       |     1 |     1 ||     2
   Stab: Sleeping          |     1 |     7 |       ||     8
 Armour: Animal skin       |    22 |    27 |     1 ||    50
  Dodge: Dodged            |    82 |   168 |    13 ||   263
